 Dungeon Crawl Stone Soup version 0.28.0-53-g5a82cb258f (webtiles) character file.

Game seed: 17344380179974670423

64 issech the Chopper (level 3, 0/34 HPs)
             Began as a Minotaur Monk on May 25, 2022.
             Succumbed to an orc wizard's poison
             ... on level 3 of the Dungeon.
             The game lasted 00:04:00 (1831 turns).

issech the Chopper (Minotaur Monk)                  Turns: 1831, Time: 00:04:01

Health: 0/34       AC:  6    Str: 15    XL:     3   Next: 91%
Magic:  2/2        EV: 10    Int:  7    God:
Gold:   113        SH:  0    Dex: 14    Spells: 2/2 levels left

rFire   . . .      SeeInvis .   a - +0 hand axe
rCold   . . .      Faith    .   (no shield)
rNeg    . . .      Spirit   .   k - +0 scale mail
rPois   .          Reflect  .   (helmet restricted)
rElec   .          Harm     .   (no cloak)
rCorr   .          Rampage  .   (no gloves)
Will    .....                   (no boots)
Stlth   ..........              (no amulet)
HPRegen 0.11/turn               (no ring)
MPRegen 0.08/turn               (no ring)

@: lethally poisoned (0 -> -16)
A: horns 2, retaliatory headbutt
a: no special abilities


You were on level 3 of the Dungeon.
You visited 1 branch of the dungeon, and saw 3 of its levels.

You collected 113 gold pieces.

Inventory:

Hand Weapons
 a - a +0 hand axe (weapon)
 c - a +0 club
 g - a +0 dagger
 h - a +0 club
 j - a +0 short sword
 l - a +0 dagger
 o - a +0 spear
 r - a +0 club
 t - a +0 mace
 u - a +0 falchion
 z - a +0 hunting sling
 D - a +0 club
 E - a +0 club
Missiles
 d - 15 bolts
 e - 79 arrows
 f - 5 stones (quivered)
 n - 31 sling bullets
 y - 4 poisoned darts
Armour
 b - a +0 robe
 k - a +0 scale mail (worn)
 p - a +0 ring mail
 B - a +0 leather armour
 C - a +0 ring mail
Jewellery
 i - a ring of ice
Scrolls
 m - a scroll of enchant armour {unknown}
 v - a scroll of teleportation {unknown}
 w - a scroll of torment {unknown}
 A - a scroll of enchant weapon {unknown}
Potions
 q - 3 potions of curing {unknown}
 s - a potion of might {unknown}
 x - a potion of attraction {unknown}


   Skills:
 + Level 4.3 Fighting
 + Level 4.6 Axes
 + Level 0.6 Armour
 + Level 3.8 Dodging
 + Level 1.6 Stealth


You had 2 spell levels left.
You didn't know any spells.
Your spell library contained the following spells:

 Spells                   Type           Power      Damage    Failure   Level
 Animate Skeleton         Necr           0%         N/A       88%         1
 Apportation              Tloc           0%         N/A       88%         1
 Summon Small Mammal      Summ           0%         N/A       88%         1
 Corpse Rot               Necr/Air       0%         N/A       96%         2
 Poisonous Vapours        Pois/Air       0%         N/A       96%         2
 Passage of Golubria      Tloc           0%         N/A       100%        4
 Silence                  Hex/Air        0%         N/A       100%        5
 Lehudib's Crystal Spear  Conj/Erth      0%         10d2      100%        8


Dungeon Overview and Level Annotations

Branches:
Dungeon (3/15)

Altars:


Innate Abilities, Weirdness & Mutations

You have a pair of horns on your head.
You reflexively headbutt those who attack you in melee.


Message History

Things that are here:
a +0 club; a goblin corpse
D - a +0 club You see here a +0 club.
E - a +0 club An orc comes into view. It is wielding a +0 short sword.
The orc shouts!
You hear a shout!
An orc wizard comes into view. It is wielding a +2 dagger of venom.
The orc wizard gestures wildly while chanting.
The orc wizard flickers and vanishes!
Deactivating autopickup; reactivate with Ctrl-A.
You hit the orc. Your headbutt misses the orc.
The orc is severely wounded.
The orc hits you with a +0 short sword.
You hit the orc.
You kill the orc!
You see here a +0 short sword.
You closely miss something. Something hits you but does no damage.
You are poisoned.
You miss something.
You feel sick. Something hits you.
You closely miss something.
You feel sick.
You hear some strange, mumbled words.
A puff of flame appears from out of thin air!
The puff of flame hits you!
You hit something but do no damage. You headbutt something.
You feel sick. Something hits you but does no damage.
You are more poisoned.
You barely miss something. You headbutt something.
You feel sick. Something hits you but does no damage.
You are more poisoned.
You miss something. You headbutt something!
You feel very sick. Something hits you but does no damage.
You are lethally poisoned!
You closely miss something.
* * * LOW HITPOINT WARNING * * *
You feel very sick. Something hits you.
* * * LOW HITPOINT WARNING * * *
You die...

≈ ≈≈ .≈≈ #≈≈≈###
######## ##8.8.8##
#......#
.'......####......##
#8.8.8.{.@.....≈≈≈≈
#≈≈≈########....≈≈≈≈
. #...≈≈≈≈≈
##...≈≈≈≈≈
#...≈≈≈≈≈. #####
##### #...≈≈≈≈≈#
#...###...#
#####...≈≈≈≈###
#.........#
#.#....≈≈≈≈≈#
#..#### #>........#
#..†###≈≈≈≈≈# #.....


There were no monsters in sight!

Vanquished Creatures
  A gnoll (D:1)
  An adder (D:2)
  A worm (D:2)
  A dart slug (D:2)
  An orc (D:3)
  5 ball pythons
  A bat (D:1)
  5 endoplasms
  2 giant cockroaches
  2 goblins
  3 hobgoblins
  3 jackals (D:2)
  2 quokkas
  3 frilled lizards
  4 kobolds
  3 rats
38 creatures vanquished.

Vanquished Creatures (others)
  3 plants (D:1)
3 creatures vanquished.

Grand Total: 41 creatures vanquished

Notes
Turn   | Place    | Note
-------+----------+-------------------------------------------
     0 | D:1      | issech the Minotaur Monk began the quest for the Orb.
     0 | D:1      | Reached XP level 1. HP: 19/19 MP: 0/0
    39 | D:1      | Found a faded altar of an unknown god.
   153 | D:1      | Reached XP level 2. HP: 27/27 MP: 1/1
   824 | D:2      | Reached XP level 3. HP: 31/33 MP: 2/2
  1831 | D:3      | Succumbed to an orc wizard's poison

Illustrated notes

Levels and vault maps discovered:
D:1:      scummos_arrival_gate, layout_rooms, basic_ecumenical_altar,
          minmay_misc_feat_doors, nicolae_grassy_gnolls
D:2:      layout_basic
D:3:      wander_river, layout_rooms, kennysheep_orc_sif_temple

Skill      XL: |  1  2 |
---------------+-------+-----
Axes           | 4 |  4.6
Fighting       | 4 |  4.3
Armour         | |  0.6
Dodging        | |  3.8
Stealth        | |  1.6

Action                   || total
-------------------------++-------
Melee: Hand axe          ||    81
       Headbutt          ||    19
Armor: Robe              ||     3
       Scale mail        ||    26
Dodge: Dodged            ||    49
